 Dungeon Crawl Stone Soup version 0.25-a0-565-g8875c97ebb (webtiles) character file.

Game seed: 9525960562176495100, levelgen mode: deterministic

449 Flugslaktarn the Chopper (level 6, 0/57 HPs)
             Began as a Deep Dwarf Fighter on Feb 26, 2020.
             Slain by an ogre
             ... wielding a +0 giant club
              (22 damage)
             ... on level 5 of the Dungeon.
             The game lasted 00:00:58 (1122 turns).

Flugslaktarn the Chopper (Deep Dwarf Fighter)       Turns: 1122, Time: 00:00:58

Health: 0/57       AC:  8    Str: 22    XL:     6   Next: 74%
Magic:  5/5        EV:  7    Int:  8    God:
Gold:   28         SH: 10    Dex: 12    Spells: 5/5 levels left

rFire    . . .     SeeInvis .   a - +0 war axe
rCold    . . .     Gourm    .   c - +0 kite shield
rNeg     . . .     Faith    .   b - +0 scale mail
rPois    .         Spirit   .   (no helmet)
rElec    .         Reflect  .   (no cloak)
rCorr    .         Harm     .   (no gloves)
MR       .....                  n - +0 pair of boots
Stlth    ..........             m - amulet of rage
HPRegen  0.00/turn              (no ring)
MPRegen  0.09/turn              (no ring)

@: non-regenerating
A: damage resistance, heal wounds, sense surroundings 1, no regeneration
a: Heal Wounds, Evoke Berserk Rage


You were on level 5 of the Dungeon.
You were not hungry.

You visited 1 branch of the dungeon, and saw 5 of its levels.

You collected 70 gold pieces.
You spent 42 gold pieces at shops.

Inventory:

Hand Weapons
 a - a +0 war axe (weapon)
Armour
 b - a +0 scale mail (worn)
 c - a +0 kite shield (worn)
 n - a +0 pair of boots (worn)
   (You found it on level 4 of the Dungeon)
Jewellery
 g - an uncursed ring of stealth {unknown}
   (You found it on level 4 of the Dungeon)
 l - a cursed ring of attention {unknown}
   (You found it on level 4 of the Dungeon)
 m - an amulet of rage (around neck)
   (You found it on level 4 of the Dungeon)
Scrolls
 f - a scroll of enchant armour {unknown}
 h - a scroll of noise {unknown}
 j - a scroll of remove curse {unknown}
 o - 2 scrolls of teleportation {unknown}
 r - a scroll of enchant weapon {unknown}
 t - a scroll of magic mapping {unknown}
 u - 2 scrolls of random uselessness {unknown}
Potions
 d - a potion of might
 i - a potion of brilliance {unknown}
 k - a potion of haste {unknown}
 p - 2 potions of curing
 q - a potion of heal wounds {unknown}
 v - a potion of cancellation {unknown}
Comestibles
 e - 6 rations
 s - 10 chunks of flesh


   Skills:
 + Level 3.9 Fighting
 * Level 5.3 Axes
 + Level 4.7 Armour
 + Level 4.7 Shields


You had 5 spell levels left.
You didn't know any spells.
Your spell library was empty.

Dungeon Overview and Level Annotations

Branches:
Dungeon (5/15)
 Temple: D:4-7

Altars:
The Shining One

Shops:
D:5 !

Annotations:
D:4 1 runed translucent door


Innate Abilities, Weirdness & Mutations

You are resistant to damage.
You can heal yourself by infusing magical energy.
You passively map a small area around you.
You do not regenerate.


Message History

You are too injured to fight recklessly!
You are too injured to fight recklessly!
You are too injured to fight recklessly!
You are too injured to fight recklessly!
You are too injured to fight recklessly!
You are too injured to fight recklessly!
You are too injured to fight recklessly!
You are too injured to fight recklessly!
You are too injured to fight recklessly!
Your magical essence is drained by the effort!
You feel much better.
A phantom comes into view.
The ogre barely misses you.
Your shield prevents you from hitting the ogre.
The ogre is moderately wounded.
The ogre hits you with a +0 giant club!!
You barely miss the ogre.
The ogre is moderately wounded.
The ogre hits you with a +0 giant club!!
You die...

* , , , * #### ,
* ######..## ,
,, ##..##....# ,
#....'....####,
,
#....##..##..##
,
##..#####รท....#
,,
,Z#@##,,,##....#
, #..WO## ,
,##..##* * #...o
, , , ,##'##* *
##..# , ,,
##..##, ######'
* , +....#...
#...##. *,
##....#...
#...#. , ,
,##'#..##...
##..#.
+#####..####....
#..##,
##..##....#
#....


You could see a phantom, an ogre and an orc.

Vanquished Creatures
  An ogre (D:5)
  A scorpion (D:4)
  A howler monkey (D:5)
  3 hounds (D:4)
  2 orc wizards
  A worker ant (D:5)
  A hound zombie (D:5)
  4 adders
  A howler monkey skeleton (D:4)
  3 oozes (D:4)
  A worm (D:4)
  6 orcs
  2 ball pythons
  3 giant cockroaches
  A goblin (D:2)
  3 hobgoblins
  A quokka (D:2)
  2 bats (D:1)
  A frilled lizard (D:1)
  2 kobolds
  A rat (D:2)
41 creatures vanquished.

Notes
Turn   | Place    | Note
-------+----------+-------------------------------------------
     0 | D:1      | Flugslaktarn the Deep Dwarf Fighter began the quest for the
                  | Orb.
     0 | D:1      | Reached XP level 1. HP: 20/20 MP: 1/1
   256 | D:2      | Reached XP level 2. HP: 27/27 MP: 2/2
   383 | D:4      | Reached skill level 3 in Axes
   383 | D:4      | Reached XP level 3. HP: 17/34 MP: 3/3
   423 | D:4      | Reached XP level 4. HP: 42/42 MP: 4/4
   482 | D:4      | Reached skill level 4 in Axes
   482 | D:4      | Reached XP level 5. HP: 44/49 MP: 5/5
   572 | D:4      | Found a glowing golden altar of the Shining One.
   572 | D:4      | Found a runed translucent door.
   572 | D:4      | Noticed an angel
   978 | D:5      | Entered Level 5 of the Dungeon
   979 | D:5      | Found Qin Umi's Distillery.
   999 | D:5      | Reached XP level 6. HP: 56/56 MP: 6/6
  1019 | D:5      | Bought a potion of curing for 42 gold pieces
  1105 | D:5      | Reached skill level 5 in Axes
  1122 | D:5      | Slain by an ogre

Levels and vault maps discovered:
D:1:      dpeg_arrival_houses_and_road, layout_basic, minmay_pentomino_t4
D:2:      layout_loops_cross, nicolae_overflow_hidden_temple
D:3:      layout_loops_ring, nicolae_gozag_seed_capital, gup_sewer_entry_pipe,
          chequers_ecumenical_altar_twisty, serial_glass, glass_columns_a,
          glass_columns_a, minmay_strange_pillars
D:4:      layout_loops_ring, lemuel_angel_altar
D:5:      minmay_bubble_buster, layout_cave_pools,
          amethyst_overflow_temple_binary, minmay_temple_entry_nine_rooms,
          serial_shops, shop_coins, nicolae_shop_temple_entry_statues_fountains,
          shop, kennysheep_little_box, shop, first_ration, chequers_mini_garden

Skill      XL: |  1  2  3  4  5  6 |
---------------+-------------------+-----
Fighting       | 3 |  3.9
Axes           | 3 4 5 |  5.3
Armour         | 4 |  4.7
Shields        | 4 |  4.7

Action                   |  1- 3 |  4- 6 || total
-------------------------+-------+-------++-------
Melee: War axe           |    67 |   117 ||   184
 Abil: Heal Wounds       |     1 |     4 ||     5
  Eat: Chunk             |       |     1 ||     1
Armor: Scale mail        |    33 |    49 ||    82
Dodge: Dodged            |    30 |    30 ||    60
Block: Kite shield       |    36 |    61 ||    97

Table legend:
 A = Non-vault XP
 B = Vault XP
 C = Vault XP percentage of total XP
 D = Non-vault monster count
 E = Vault monster count
 F = Vault count percentage of total count
                 A         B        C        D         E       F
            +---------+---------+-------+---------+---------+-------
      Total |     442 |     200 |  31.2 |      35 |       6 |  14.6
            +---------+---------+-------+---------+---------+-------
        D:1 |       9 |       0 |   0.0 |       6 |       0 |   0.0
        D:2 |      14 |       0 |   0.0 |       8 |       0 |   0.0
        D:4 |     322 |       0 |   0.0 |      15 |       0 |   0.0
        D:5 |      97 |     200 |  67.3 |       6 |       6 |  50.0
            +---------+---------+-------+---------+---------+-------
